 Dungeon Crawl Stone Soup version 0.25-a0-424-g80bd347ae0 (webtiles) character file.

Game seed: 4074547708505070261, levelgen mode: deterministic

24492 Nattfarinn the Grappler (level 13, -12/139 HPs)
             Began as an Ogre Transmuter on Jan 23, 2020.
             Was the Champion of Cheibriados.
             Mangled by a +0 halberd of chaos (23 damage)
             ... on level 3 of the Lair of Beasts.
             The game lasted 00:30:53 (15919 turns).

Nattfarinn the Grappler (Ogre Transmuter)          Turns: 15919, Time: 00:30:54

Health: -12/139    AC:  8    Str: 36    XL:     13   Next: 13%
Magic:  21/25      EV: 12    Int: 29    God:    Cheibriados [******]
Gold:   884        SH:  0    Dex: 24    Spells: 13/28 levels left

rFire    . . .     SeeInvis .     - Unarmed
rCold    . . .     Gourm    .   (shield currently unavailable)
rNeg     . . .     Faith    .   b - +0 robe
rPois    .         Spirit   .   (helmet restricted)
rElec    .         Reflect  .   J - scarf {cloud immunity}
rCorr    .         Harm     .   (gloves unavailable)
MR       +....                  (boots unavailable)
Stlth    ++........             (no amulet)
HPRegen  0.33/turn              f - +4 ring of slaying
MPRegen  0.19/turn              v - +5 ring of protection

@: lethally poisoned (-12 -> -13), blade hands, very slow
A: large, unfitting armour, tough skin 1
a: End Transformation, Bend Time, Temporal Distortion, Slouch, Step From Time,
Renounce Religion


You were on level 3 of the Lair of Beasts.
You worshipped Cheibriados.
Cheibriados was exalted by your worship.
You were not hungry.
You had blades for hands.
You visited 3 branches of the dungeon, and saw 16 of its levels.
You also visited: Sewer.

You collected 1100 gold pieces.
You spent 216 gold pieces at shops.

Inventory:

Hand Weapons
 B - the +10 trident of Muuromae (melded) {drain, rF+ rC+ rN+ Stlth-}
   (You found it on level 4 of the Dungeon)

   A truly terrible weapon, it drains the life of those it strikes.
   It protects you from fire.
   It protects you from cold.
   It protects you from negative energy.
   It makes you less stealthy.
Missiles
 a - 144 arrows
Armour
 b - a +0 robe (worn)
 z - a scarf of spirit shield
 J - a scarf of cloud immunity (worn)
Jewellery
 f - a +4 ring of slaying (left scythe-like blade)
 v - a +5 ring of protection (right scythe-like blade)
 y - a +3 ring of strength {unknown}
 A - an uncursed amulet of guardian spirit {unknown}
 C - an uncursed amulet of guardian spirit {unknown}
 D - a cursed ring of teleportation {unknown}
 K - an uncursed ring of poison resistance {unknown}
 O - a +3 ring of intelligence {unknown}
 S - the amulet "Fafef" {Acrobat Str+4 Dex+3 Slay-4 SInv}
   (You found it on level 12 of the Dungeon)

   [amulet of the acrobat]

   It helps you evade while moving and waiting.
   It affects your strength (+4).
   It affects your dexterity (+3).
   It affects your accuracy and damage with ranged weapons and melee attacks
   (-4).
   It lets you see invisible.
 U - an uncursed ring of protection from cold {unknown}
 V - an uncursed ring of poison resistance {unknown}
Wands
 r - a wand of enslavement (11)
 E - a wand of iceblast (24)
 H - a wand of paralysis (11)
 I - a wand of flame (20)
 L - a wand of disintegration (24)
 R - a wand of acid (8)
Scrolls
 c - 9 scrolls of fear
 e - 9 scrolls of remove curse
 g - a scroll of enchant weapon {unknown}
 h - a scroll of identify
 j - 11 scrolls of teleportation
 k - 3 scrolls of amnesia
 m - 2 scrolls of blinking
 n - 2 scrolls of brand weapon {unknown}
 t - 4 scrolls of immolation
 w - 3 scrolls of fog {unknown}
 G - 4 scrolls of enchant armour {unknown}
 N - 3 scrolls of noise {unknown}
 Q - a scroll of magic mapping
 T - a scroll of random uselessness {unknown}
Potions
 i - 5 potions of flight
 l - 2 potions of resistance {unknown}
 o - 5 potions of lignification
 p - 5 potions of curing
 q - 3 potions of ambrosia
 s - 2 potions of invisibility {unknown}
 u - 2 potions of mutation {unknown}
 x - a potion of might {unknown}
 F - a potion of berserk rage {unknown}
 M - 2 potions of brilliance {unknown}
 P - 2 potions of degeneration {unknown}
 X - a potion of cancellation {unknown}
Comestibles
 d - 19 rations
 W - a chunk of flesh


   Skills:
 + Level 11.9 Fighting
 + Level 3.3 Dodging
 * Level 12.1 Unarmed Combat
 - Level 8.0 Spellcasting
 - Level 11.3 Transmutations
 - Level 2.5 Poison Magic
 + Level 3.2 Invocations


You had 13 spell levels left.
You knew the following spells:

 Your Spells              Type           Power        Failure   Level  Hunger
a - Beastly Appendage     Tmut           ######       5%          1    None
b - Sticks to Snakes      Tmut           ######..     6%          2    None
c - Spider Form           Tmut/Pois      ######....   14%         3    None
d - Ice Form              Ice/Tmut       #####...     32%         4    #......
e - Blade Hands           Tmut           ######....   17%         5    ####...

Your spell library contained the following spells:

 Spells                   Type           Power        Failure   Level  Hunger
 Infusion                 Chrm           ##..         32%         1    None
 Magic Dart               Conj           ##..         32%         1    None
 Blink                    Tloc           N/A          38%         2    None
 Call Imp                 Summ           ##......     38%         2    None
 Shroud of Golubria       Chrm/Tloc      ##....       38%         2    None
 Slow                     Hex            ##......     38%         2    None
 Song of Slaying          Chrm           ##......     38%         2    None
 Mephitic Cloud           Conj/Pois/Air  ###.....     45%         3    None
 Conjure Flame            Conj/Fire      ##......     54%         3    None
 Ozocubu's Armour         Chrm/Ice       ##......     54%         3    None
 Spectral Weapon          Hex/Chrm       ##......     54%         3    None


Dungeon Overview and Level Annotations

Branches:
Dungeon (12/15)            Temple (1/1) D:7            Lair (3/6) D:10
    Orc (0/2) D:12          Sewer (visited)
  Swamp: Lair:2-4    Shoals: Lair:2-4     Snake: Lair:2-4    Spider: Lair:2-4

Altars:
Ashenzari
Cheibriados
Fedhas
Hepliaklqana
Kikubaaqudgha
Makhleb
Qazlal
Sif Muna
Trog
Xom
Zin

Shops:
D:11 ?


Innate Abilities, Weirdness & Mutations

You are too large for most types of armour.
You have tough skin. (AC +1)


Message History

The +0 halberd of chaos closely misses you.
You slice anything's ghost!! Your slash misses anything's ghost.
Anything's ghost is almost destroyed.
Anything's ghost hits you!
The +0 halberd of chaos barely misses you.
You slash anything's ghost! Your slash misses anything's ghost.
Anything's ghost is almost destroyed.
You shred anything's ghost!!!
You destroy anything's ghost!
Cheibriados appreciates the change of pace.
The +0 halberd of chaos hits you from afar!!
The +0 halberd of chaos freezes you! The +0 halberd of chaos hits you.
You are poisoned.
The +0 halberd of chaos hits you!!
* * * LOW HITPOINT WARNING * * *
The +0 halberd of chaos freezes you!
* * * LOW HITPOINT WARNING * * *
The +0 halberd of chaos hits you!!
You die...

##.. ..... ...... ###
......##.## .....#[(!#
.. #..##@###
...#P......#
..................#
#................>.##
#.........P##.#.....#
##..........###....##
.#..#.#....P###.....#
.###...............#.#
..#..........P......##


You could see a +0 halberd of chaos.

Vanquished Creatures
  2 hydras
  A catoblepas (D:12)
  The ghost of anything the Martial Artist, a journeyman OpMo of Uskayaw (Lair:3)
  4 two-headed ogres
  A death knight (D:11)
  5 death yaks
  Nergalle (Lair:2)
  A cyclops (D:12)
  An oklob plant (D:10)
  Psyche (D:8)
  2 black mambas
  3 spiny frogs
  Maggie (D:8)
  A gargoyle (D:11)
  2 centaur skeletons (D:10)
  2 freezing wraiths (D:11)
  2 komodo dragons (Lair:2)
  2 trolls
  A polar bear (Lair:3)
  3 blink frogs (Lair:2)
  3 hippogriffs
  A spriggan (D:7)
  A wraith (D:11)
  7 yaks
  4 vampire mosquitoes (D:11)
  A hungry ghost (D:12)
  Edmund (D:4)
  3 water moccasins
  Purgy (Sewer)
  6 ice beasts
  5 porcupines
  4 sky beasts
  3 black bears
  2 phantoms (D:5)
  5 ogres
  A necrophage (D:9)
  4 centaurs
  4 crocodiles
  2 big kobolds
  13 bullfrogs
  A water moccasin zombie (D:12)
  10 killer bees
  A scorpion (D:6)
  4 howler monkeys
  12 wights
  3 crimson imps
  2 jellies
  7 hounds
  7 orc wizards
  4 orc priests
  4 bullfrog skeletons
  2 iguanas
  10 worker ants
  A worker ant zombie (D:11)
  A howler monkey skeleton (D:7)
  11 adders
  5 shadow imps
  2 oozes
  2 adder zombies
  2 adder skeletons (D:4)
  3 worms
  4 dart slugs
  8 leopard geckos
  33 orcs
  7 giant cockroaches
  15 hobgoblins
  8 jackals
  12 kobolds
  2 quokkas
  4 ball pythons
  10 bats
  8 frilled lizards
  3 goblins
  A leopard gecko skeleton (D:6)
  A quokka zombie (D:6)
  9 rats
  8 plants (D:10)
335 creatures vanquished.

Notes
Turn   | Place    | Note
-------+----------+-------------------------------------------
     0 | D:1      | Nattfarinn the Ogre Transmuter began the quest for the Orb.
     0 | D:1      | Reached XP level 1. HP: 19/19 MP: 3/3
   159 | D:1      | Reached XP level 2. HP: 27/27 MP: 5/5
   360 | D:1      | Learned a level 2 spell: Sticks to Snakes
   404 | D:1      | Reached skill level 3 in Unarmed Combat
   986 | D:2      | Reached XP level 3. HP: 31/35 MP: 7/7
  1448 | D:2      | Learned a level 3 spell: Spider Form
  1461 | D:2      | Reached XP level 4. HP: 35/44 MP: 8/8
  2190 | D:3      | Reached XP level 5. HP: 29/52 MP: 3/9
  2209 | D:3      | Found a stormy altar of Qazlal.
  2212 | D:3      | Found an ancient bone altar of Kikubaaqudgha.
  2255 | D:3      | Found a glowing drain.
  2259 | Sewer    | Entered a sewer
  2285 | Sewer    | Noticed Purgy
  2296 | Sewer    | Killed Purgy
  2296 | Sewer    | Reached skill level 4 in Unarmed Combat
  2296 | Sewer    | Reached skill level 1 in Poison Magic
  2344 | Sewer    | Reached XP level 6. HP: 48/61 MP: 6/10
  2472 | Sewer    | Learned a level 4 spell: Ice Form
  2870 | D:4      | You fall into a shaft and drop 3 floors!
  2871 | D:7      | Noticed a sky beast
  2871 | D:7      | Noticed an ice beast
  2884 | D:7      | Killed a sky beast
  2887 | D:7      | Killed an ice beast
  3047 | D:7      | Found a staircase to the Ecumenical Temple.
  3059 | Temple   | Entered the Ecumenical Temple
  3110 | Temple   | Became a worshipper of Cheibriados the Contemplative
  3165 | D:7      | Reached XP level 7. HP: 65/68 MP: 11/11
  3187 | D:7      | Reached skill level 5 in Unarmed Combat
  3434 | D:7      | Reached XP level 8. HP: 78/79 MP: 12/12
  3446 | D:7      | Reached * piety under Cheibriados
  3470 | D:6      | Reached skill level 5 in Transmutations
  3564 | D:5      | Entered Level 5 of the Dungeon
  3604 | D:5      | Reached skill level 5 in Fighting
  3967 | D:4      | Noticed Edmund
  3996 | D:4      | Killed Edmund
  3996 | D:4      | Reached skill level 6 in Unarmed Combat
  4028 | D:4      | Got a brightly glowing trident
  4029 | D:4      | Identified the +10 trident of Muuromae {drain, rF+ rC+ rN+
                  | Stlth-} (You found it on level 4 of the Dungeon)
  4033 | D:4      | Reached ** piety under Cheibriados
  4399 | D:3      | Found a glowing silver altar of Zin.
  4399 | D:3      | Found a blossoming altar of Fedhas.
  4604 | D:5      | Reached XP level 9. HP: 83/89 MP: 11/13
  4659 | D:5      | Found a bloodstained altar of Trog.
  4724 | D:5      | Found a hazy altar of Hepliaklqana.
  5161 | D:6      | Reached skill level 7 in Unarmed Combat
  5216 | D:6      | Found a blossoming altar of Fedhas.
  5987 | D:7      | Reached *** piety under Cheibriados
  6276 | D:8      | Reached skill level 8 in Unarmed Combat
  6330 | D:8      | Noticed a two-headed ogre
  6336 | D:8      | Noticed Maggie
  6338 | D:8      | Killed a two-headed ogre
  6338 | D:8      | Reached XP level 10. HP: 53/104 MP: 6/16
  6354 | D:8      | Killed Maggie
  6656 | D:8      | Reached **** piety under Cheibriados
  6687 | D:8      | Noticed Psyche
  6699 | D:8      | Killed Psyche
  7213 | D:8      | Reached skill level 9 in Unarmed Combat
  7266 | D:8      | Learned a level 5 spell: Blade Hands
  7661 | D:9      | Found a shattered altar of Ashenzari.
  7779 | D:9      | Found a shimmering blue altar of Sif Muna.
  7993 | D:10     | Entered Level 10 of the Dungeon
  8036 | D:10     | Reached skill level 5 in Spellcasting
  8111 | D:10     | Reached XP level 11. HP: 44/114 MP: 14/19
  8448 | D:10     | Noticed an oklob plant
  8565 | D:10     | Reached ***** piety under Cheibriados
  8793 | D:10     | Found a staircase to the Lair.
  9274 | D:11     | Noticed a two-headed ogre
  9279 | D:11     | Killed a two-headed ogre
  9279 | D:11     | Reached skill level 10 in Unarmed Combat
  9284 | D:11     | Noticed a death knight
  9289 | D:11     | Killed a death knight
  9661 | D:11     | Reached skill level 10 in Fighting
  9664 | D:11     | Reached skill level 10 in Transmutations
 10284 | D:11     | Found Qutzach's Magic Scroll Shoppe.
 10292 | D:11     | Bought a scroll of teleportation for 48 gold pieces
 10292 | D:11     | Bought a scroll of magic mapping for 56 gold pieces
 10292 | D:11     | Bought 2 scrolls of fear for 112 gold pieces
 10445 | D:12     | Found a staircase to the Orcish Mines.
 10495 | D:12     | Noticed a two-headed ogre
 10502 | D:12     | Killed a two-headed ogre
 10892 | D:12     | Noticed a two-headed ogre
 10899 | D:12     | Killed a two-headed ogre
 11217 | D:12     | Noticed a catoblepas
 11226 | D:12     | Killed a catoblepas
 11226 | D:12     | Reached XP level 12. HP: 72/126 MP: 18/22
 11818 | D:12     | Got a steaming emerald amulet
 12205 | Lair:1   | Entered Level 1 of the Lair of Beasts
 12444 | Lair:1   | Reached skill level 11 in Unarmed Combat
 12608 | Lair:1   | Noticed a five-headed hydra
 12614 | Lair:1   | Killed a five-headed hydra
 13003 | Lair:1   | Identified the amulet "Fafef" {Acrobat Str+4 Dex+3 Slay-4
                  | SInv} (You found it on level 12 of the Dungeon)
 14592 | Lair:2   | Noticed Nergalle
 14597 | Lair:2   | Killed Nergalle
 14650 | Lair:2   | Noticed a five-headed hydra
 14655 | Lair:2   | Killed a five-headed hydra
 15257 | Lair:3   | Noticed a death yak
 15257 | Lair:3   | Noticed a death yak
 15262 | Lair:3   | Noticed a death yak
 15263 | Lair:3   | Noticed a death yak
 15268 | Lair:2   | Killed a death yak
 15268 | Lair:2   | Reached skill level 1 in Invocations
 15270 | Lair:3   | Noticed a death yak
 15588 | Lair:2   | Killed a death yak
 15595 | Lair:2   | Killed a death yak
 15645 | Lair:3   | Killed a death yak
 15646 | Lair:3   | Reached XP level 13. HP: 99/137 MP: 20/25
 15689 | Lair:3   | Reached ****** piety under Cheibriados
 15689 | Lair:3   | Reached skill level 12 in Unarmed Combat
 15901 | Lair:3   | Found a runed translucent door.
 15902 | Lair:3   | Found a shimmering altar of Xom.
 15902 | Lair:3   | Noticed anything's ghost (journeyman OpMo)
 15918 | Lair:3   | Killed anything's ghost
 15919 | Lair:3   | Mangled by a +0 halberd of chaos

Levels and vault maps discovered:
D:1:      moated_graveyard_arrival, layout_loops_cross
D:2:      layout_loops_corners
D:3:      layout_basic, nicolae_overflow_hidden_temple, serial_curves,
          eino_curves_01, eino_curves_02, eino_curves_01, eino_curves_04,
          gup_sewer_entry_bowl
D:4:      layout_cave_pools, first_ration, enter_ossuary_5, uniq_edmund
D:5:      layout_loops_ring, kennysheep_mini, old_standard_altar,
          minmay_small_thing
D:6:      layout_loops_ring, fedhas_ov_isle_minmay
D:7:      layout_cave_pools, temple_pool_b, the_bakery
D:8:      layout_gridville, uniq_psyche, uniq_maggie
D:9:      layout_roguey, lemuel_doored_altar, ashenzari_altar_1
D:10:     layout_small_grid, dpeg_oklobed_lair
D:11:     layout_big_octagon, serial_shops, shop, serial_park,
          serial_park_avenue1, serial_park_tiny_1, chequers_garden,
          minmay_starry_boxes
D:12:     layout_gridville, orc_0_dummy
Temple:   regret_index_temple_generic_petals
Lair:1:   layout_cave_pods
Lair:2:   layout_layer_cave, grunt_megastairs_5, lemuel_fruit_fields,
          serial_bayou_shore_a, uniq_nergalle
Lair:3:   layout_gridlike, ebering_ghost_xom, grunt_megastairs_2,
          infiniplex_staircase_pool_2, minmay_lair_oklob_chamber,
          lemuel_fruit_tree

Skill      XL: |  1  2  3  4  5  6  7  8  9 10 11 12 13 |
---------------+----------------------------------------+-----
Transmutations | 2 3 4 6 8 9 10 11 | 11.3
Unarmed Combat | 3 4 5 6 8 9 10 11 12 | 12.1
Fighting       | 2 3 4 6 8 9 10 11 | 11.9
Spellcasting   | 3 4 5 7 8 |  8.0
Poison Magic   | 1 2 |  2.5
Dodging        | 2 3 |  3.3
Invocations    | 2 3 |  3.2

Action                   |  1- 3 |  4- 6 |  7- 9 | 10-12 | 13-15 || total
-------------------------+-------+-------+-------+-------+-------++-------
Melee: Unarmed           |   111 |   133 |   158 |   177 |    19 ||   598
       Punch             |     2 |     1 |     2 |    16 |     1 ||    22
       Trident           |       |       |   117 |   173 |       ||   290
 Cast: Spider Form       |       |     4 |     7 |     1 |       ||    12
       Sticks to Snakes  |       |     4 |    10 |     4 |       ||    18
       Beastly Appendage |       |     1 |       |       |       ||     1
       Ice Form          |       |     1 |     2 |     7 |       ||    10
       Blade Hands       |       |       |       |    17 |     2 ||    19
  Use: Scroll            |       |       |     2 |     8 |       ||    10
       Potion            |       |       |     1 |     1 |       ||     2
 Stab: Sleeping          |     1 |     1 |       |       |       ||     2
       Distracted        |       |     1 |     1 |       |       ||     2
  Eat: Chunk             |     2 |     6 |     8 |    12 |       ||    28
       Ration            |       |       |       |     3 |       ||     3
Armor: Robe              |    27 |    36 |    55 |    79 |     3 ||   200
       Skin              |       |    12 |    42 |    27 |       ||    81
Dodge: Dodged            |    53 |   105 |   179 |   179 |     4 ||   520

Table legend:
 A = Non-vault XP
 B = Vault XP
 C = Vault XP percentage of total XP
 D = Non-vault monster count
 E = Vault monster count
 F = Vault count percentage of total count
                 A         B        C        D         E       F
            +---------+---------+-------+---------+---------+-------
      Total |   30611 |    4378 |  12.5 |     303 |      24 |   7.3
            +---------+---------+-------+---------+---------+-------
        D:1 |      32 |       0 |   0.0 |      16 |       0 |   0.0
        D:2 |      98 |       0 |   0.0 |      31 |       0 |   0.0
        D:3 |      51 |       7 |  12.1 |      25 |       4 |  13.8
        D:4 |     259 |     158 |  37.9 |      23 |       1 |   4.2
        D:5 |     871 |      33 |   3.7 |      19 |       1 |   5.0
        D:6 |     824 |       0 |   0.0 |      21 |       0 |   0.0
        D:7 |     914 |     215 |  19.0 |      23 |       1 |   4.2
        D:8 |    2894 |     813 |  21.9 |      38 |       2 |   5.0
        D:9 |     291 |       0 |   0.0 |       4 |       0 |   0.0
       D:10 |    3010 |     542 |  15.3 |      28 |       1 |   3.4
       D:11 |    4259 |     546 |  11.4 |      22 |       2 |   8.3
       D:12 |    4348 |       0 |   0.0 |      16 |       0 |   0.0
     Lair:1 |    2748 |       0 |   0.0 |      11 |       0 |   0.0
     Lair:2 |    7057 |     937 |  11.7 |      18 |       2 |  10.0
     Lair:3 |    2955 |     967 |  24.7 |       8 |       1 |  11.1
      Sewer |       0 |     160 | 100.0 |       0 |       9 | 100.0
            +---------+---------+-------+---------+---------+-------
